 Dungeon Crawl Stone Soup version 0.31-a0-152-g6aa68a64a1 (webtiles) character file.

Game seed: 1390877037192207353

910 qw the Skirmisher (level 7, -1/62 HPs)
             Began as a Minotaur Hunter on June 9, 2023.
             Slain by an acid dragon (2 damage)
             ... on level 5 of the Dungeon.
             The game lasted 00:01:43 (4194 turns).

qw the Skirmisher (Minotaur Hunter)                 Turns: 4194, Time: 00:01:43

Health: -1/62      AC:  3    Str: 15    XL:     7   Next: 81%
Magic:  6/6        EV: 13    Int:  6    God:
Gold:   160        SH:  0    Dex: 16    Spells: 6/6 levels left

rFire   + . .        Y - +3 shortbow
rCold   . . .        (shield currently unavailable)
rNeg    + . .        l - +1 robe {rF+}
rPois   .            (helmet restricted)
rElec   .            h - +2 cloak
rCorr   .            (no gloves)
SInv    .            j - +0 pair of boots
Will    .....        (no amulet)
Stlth   ++           f - ring of positive energy
HPRegen 0.30/turn    (no ring)
MPRegen 0.10/turn

%: no passive effects
@: about to teleport, corroded
A: horns 2, retaliatory headbutt
a: no special abilities


You were on level 5 of the Dungeon.
You visited 2 branches of the dungeon, and saw 6 of its levels.
You also visited: Sewer.

You collected 216 gold pieces.
You spent 56 gold pieces at shops.


Innate Abilities, Weirdness & Mutations

You have a pair of horns on your head.
You reflexively headbutt those who attack you in melee.


   Skills:
 + Level 5.9 Fighting
 - Level 9.2 Ranged Weapons
 - Level 1.0 Armour
 - Level 3.0 Dodging
 - Level 0.7 Stealth


You had 6 spell levels left.
You didn't know any spells.
Your spell library was empty.

Inventory:

Hand Weapons
 Y - a +3 shortbow (weapon)
Armour
 d - a +0 ring mail
 h - a +2 cloak (worn)
 j - a +0 pair of boots (worn)
 l - a +1 robe of fire resistance (worn)
Jewellery
 f - a ring of positive energy (left hand)
 o - a ring of magical power
 p - a ring of willpower
Scrolls
 a - a scroll of teleportation
 b - 2 scrolls of identify
 g - a scroll of amnesia {unknown}
Potions
 c - a potion of might {unknown}
 e - 3 potions of mutation
 i - 2 potions of curing {unknown}
 k - a potion of attraction {unknown}
 m - a potion of resistance
 n - a potion of heal wounds {unknown}

Dungeon Overview and Level Annotations

Branches:
Dungeon (5/15)             Temple (1/1) D:4           Sewer (visited)

Altars:
Ashenzari
Cheibriados
Dithmenos
Elyvilon
Fedhas
Gozag
Hepliaklqana
Kikubaaqudgha
Makhleb
Nemelex Xobeh
Qazlal
Ru
Sif Muna
Trog
Uskayaw
Vehumet
Wu Jian
Xom
Yredelemnul
Zin
The Shining One

Shops:
D:2 ?

Annotations:
D:4 1 runed translucent door, Crazy Yiuf


Message History

The acid dragon is lightly wounded.
You shoot an arrow. The arrow hits the acid dragon.
The acid dragon is moderately wounded.
The acid dragon spits acid at you. The splash of acid hits you!!
The acid corrodes you!
You hear a shout!
You shoot an arrow. The arrow hits the acid dragon.
The acid dragon is heavily wounded.
A hound comes into view.
You shoot an arrow. The hound barks!
The arrow hits the acid dragon.
The acid dragon is severely wounded.
You shoot an arrow.
The arrow hits the acid dragon but does no damage.
The acid dragon is severely wounded.
The acid dragon spits acid at you. The splash of acid hits you!!
You hear a shout!
You shoot an arrow.
The arrow barely misses the acid dragon.
You shoot an arrow.
The arrow hits the acid dragon but does no damage.
The acid dragon is severely wounded.
You shoot an arrow.
The arrow hits the acid dragon but does no damage.
The acid dragon is severely wounded.
You shoot an arrow. The arrow hits the acid dragon.
The acid dragon is severely wounded.
You shoot an arrow. The arrow hits the acid dragon.
The acid dragon is almost dead.
The hound bites you. The acid dragon spits acid at you.
The splash of acid hits you!! The hound bites you but does no damage.
You hear a shout!
4194 ||| READING 2 scrolls of teleportation.
As you read the scroll of teleportation, it crumbles to dust.
You feel strangely unstable. The hound closely misses you.
The acid dragon bites you.
You die...

.#### ##.....# .. .##.#.
#.....###.....
......####...#...#....##
..#....##..# #...#.##..#
..#........# #..........
..#........###..........
..#.##.....##...........
#.####.........Dh.......
#..[.%......###.@.......
##............####......
####...........## .....
#.............# ##..
##.###.##....## .
####...#......
##..#...... #.####.##.
### ..


You could see an acid dragon (catching breath) and a hound.

Vanquished Creatures
  Sigmund (D:2)
  A black bear (D:4)
  An ogre (D:4)
  A bullfrog (D:5)
  2 scorpions
  A jelly (D:4)
  2 hounds
  Terence (D:2)
  5 river rats
  9 adders
  An ufetubus (D:5)
  4 worms
  3 dart slugs
  10 orcs
  7 endoplasms
  8 giant cockroaches
  10 goblins
  7 hobgoblins
  3 jackals
  7 kobolds
  5 quokkas
  10 ball pythons
  12 bats
  5 frilled lizards
  7 rats
123 creatures vanquished.

Notes
Turn   | Place    | Note
-------+----------+-------------------------------------------
     0 | D:1      | qw the Minotaur Hunter began the quest for the Orb.
     0 | D:1      | Reached XP level 1. HP: 18/18 MP: 0/0
     0 | D:1      | 0 ||| qw: Version: 0.2-a-120-g592f744
     0 | D:1      | 0 ||| qw: Game counter: 3161
     0 | D:1      | 0 ||| qw: Always use a shield: true
     0 | D:1      | 0 ||| qw: God list: Okawaru
     0 | D:1      | 0 ||| qw: Allow faded altars: false
     0 | D:1      | 0 ||| qw: Do Orc after D:15 true
     0 | D:1      | 0 ||| qw: Do second Lair branch before Depths: true
     0 | D:1      | 0 ||| qw: Lair rune preference: random
     0 | D:1      | 0 ||| qw: Plans: Normal
     0 | D:1      | 0 ||| PLANNING D:1-11
    10 | D:1      | 10 ||| UPGRADING to +0 ring mail.
    11 | D:1      | 11 ||| UPGRADING to +0 ring mail.
    81 | D:1      | 81 ||| DROPPING +0 leather armour.
    97 | D:1      | Reached skill level 1 in Armour
   190 | D:1      | Reached XP level 2. HP: 25/25 MP: 1/1
   202 | D:1      | 202 ||| UPGRADING to +2 cloak.
   365 | D:1      | Reached skill level 5 in Ranged Weapons
   412 | D:1      | 412 ||| UPGRADING to +0 pair of boots.
   471 | D:1      | 471 ||| READING scroll labelled DITWE HIOTATH.
   472 | D:1      | 472 ||| READING scroll labelled GAZIAFI LAHI.
   475 | D:1      | 475 ||| DROPPING scroll of butterflies.
   494 | D:2      | Found Ritte's Magic Scroll Emporium.
   504 | D:2      | 504 ||| SHOPLISTING scroll of enchant weapon (105 gold,
                  | have 68).
   504 | D:2      | 504 ||| BUYING scroll of identify (28 gold).
   504 | D:2      | Bought a scroll of identify for 28 gold pieces
   504 | D:2      | 504 ||| BUYING scroll of identify (28 gold).
   504 | D:2      | Bought a scroll of identify for 28 gold pieces
   504 | D:2      | 504 ||| SHOPLISTING scroll of identify (28 gold, have 12).
   504 | D:2      | 504 ||| SHOPLISTING scroll of teleportation (42 gold, have
                  | 12).
   622 | D:2      | Reached skill level 3 in Fighting
   645 | D:2      | Reached XP level 3. HP: 31/31 MP: 2/2
   662 | D:2      | Noticed Sigmund
   679 | D:2      | Killed Sigmund
   680 | D:2      | Reached skill level 7 in Ranged Weapons
   680 | D:2      | Reached XP level 4. HP: 35/38 MP: 3/3
   680 | D:2      | Reached XP level 5. HP: 41/45 MP: 4/4
   989 | D:2      | Noticed Terence
  1006 | D:2      | Killed Terence
  1233 | D:2      | 1233 ||| UPGRADING to +1 robe of fire resistance.
  1243 | D:2      | 1243 ||| READING scroll labelled CEUVISI ENLIHA.
  1244 | D:2      | 1244 ||| READING scroll labelled HASMOPP IDOR.
  1245 | D:2      | 1245 ||| DRINKING 2 cyan potions.
  1274 | D:2      | 1274 ||| READING 2 scrolls of identify.
  1274 | D:2      | 1274 ||| IDENTIFYING bubbling dark potion
  1275 | D:2      | 1275 ||| DROPPING potion of brilliance.
  1276 | D:2      | 1276 ||| DROPPING potion of lignification.
  1297 | D:3      | 1297 ||| PLANNING SEWER
  1341 | D:3      | Identified the +1 spear of Nimixas {speed, rF+ rC+ Str-3}
  1371 | D:3      | Found a glowing drain.
  1388 | Sewer    | Entered a sewer
  1423 | Sewer    | Reached XP level 6. HP: 50/52 MP: 5/5
  1512 | Sewer    | 1512 ||| Stepping ~*~*~tactically~*~*~ (water).
  1520 | Sewer    | 1520 ||| Stepping ~*~*~tactically~*~*~ (water).
  1534 | Sewer    | 1534 ||| Stepping ~*~*~tactically~*~*~ (water).
  1610 | Sewer    | 1610 ||| READING scroll of enchant weapon.
  1610 | Sewer    | 1610 ||| ENCHANTING +1 shortbow.
  1614 | Sewer    | 1614 ||| READING scroll of enchant weapon.
  1614 | Sewer    | 1614 ||| ENCHANTING +2 shortbow.
  1662 | Sewer    | Reached skill level 3 in Dodging
  1818 | Sewer    | 1818 ||| Stepping ~*~*~tactically~*~*~ (water).
  1827 | Sewer    | 1827 ||| Stepping ~*~*~tactically~*~*~ (water).
  1829 | Sewer    | 1829 ||| Stepping ~*~*~tactically~*~*~ (water).
  1838 | Sewer    | 1838 ||| Stepping ~*~*~tactically~*~*~ (water).
  1845 | Sewer    | 1845 ||| Stepping ~*~*~tactically~*~*~ (water).
  1851 | Sewer    | 1851 ||| Stepping ~*~*~tactically~*~*~ (water).
  1856 | Sewer    | 1856 ||| Stepping ~*~*~tactically~*~*~ (water).
  2020 | Sewer    | 2020 ||| READING scroll labelled VUUC ZIHIV.
  2021 | Sewer    | 2021 ||| DRINKING 2 inky potions.
  2022 | Sewer    | 2022 ||| READING 2 scrolls of identify.
  2022 | Sewer    | 2022 ||| IDENTIFYING emerald potion
  2023 | Sewer    | 2023 ||| DROPPING potion of ambrosia.
  2024 | Sewer    | 2024 ||| DROPPING potion of enlightenment.
  2047 | D:3      | 2047 ||| PLANNING D:1-11
  2062 | D:3      | Found a burning altar of Makhleb.
  2223 | D:3      | Reached skill level 8 in Ranged Weapons
  2263 | D:3      | 2263 ||| Stepping ~*~*~tactically~*~*~ (outnumbered).
  2627 | D:3      | 2627 ||| READING scroll labelled SYS XISY JOR.
  2628 | D:3      | 2628 ||| READING scroll labelled RUPTUGOKYT.
  2629 | D:3      | 2629 ||| READING scroll labelled HIODYO JIEC.
  2630 | D:3      | 2630 ||| READING scroll labelled LERHOA HAMAYR.
  2632 | D:3      | 2632 ||| Stepping ~*~*~tactically~*~*~ (cloud).
  2865 | D:4      | Found a runed translucent door.
  2866 | D:4      | Noticed Crazy Yiuf
  2925 | D:4      | Found a staircase to the Ecumenical Temple.
  2926 | D:4      | 2926 ||| PLANNING TEMPLE
  2931 | Temple   | Entered the Ecumenical Temple
  3235 | Temple   | 3235 ||| PLANNING D:1-11
  3323 | D:4      | Reached XP level 7. HP: 60/60 MP: 6/6
  3938 | D:4      | Reached skill level 9 in Ranged Weapons
  4040 | D:4      | 4040 ||| UPGRADING to ring of positive energy.
  4056 | D:5      | Entered Level 5 of the Dungeon
  4193 | D:5      | HP: 1/62 [acid dragon/splash of acid (19)]
  4194 | D:5      | 4194 ||| READING 2 scrolls of teleportation.
  4194 | D:5      | Slain by an acid dragon

Levels and vault maps discovered:
D:1:      scummos_arrival_star, layout_rooms
D:2:      layout_basic, serial_shops, nicolae_shop_crystal,
          nicolae_figureground_pulse, uniq_sigmund, uniq_terence
D:3:      layout_loops_ring, mainiacjoe_overflow_catwalk,
          cheibrodos_sewer_entry_sluice, minmay_goblin_outpost
D:4:      layout_loops_corners, minmay_temple_entry_offerings,
          uniq_crazy_yiuf_cottage
D:5:      layout_cave_pools, okawaru_altar_gauntlet_db
Temple:   mainiacjoe_temple_cubbyholes

Skill      XL: |  1  2  3  4  5  6  7 |
---------------+----------------------+-----
Armour         | 1 |  1.0
Ranged Weapons | 5 7 8 9 |  9.2
Fighting       | 3 4 5 |  5.9
Dodging        | 3 |  3.0
Stealth        | |  0.7

Action                     |  1- 3 |  4- 6 |  7- 9 || total
---------------------------+-------+-------+-------++-------
   Fire: Shortbow          |    75 |   218 |    57 ||   350
    Use: Scroll            |     2 |    11 |     1 ||    14
         Potion            |       |     2 |       ||     2
 Armour: Ring mail         |    13 |     1 |       ||    14
         Robe              |       |    32 |     8 ||    40
  Dodge: Dodged            |    20 |    69 |     8 ||    97

Table legend:
 A = Non-vault XP
 B = Vault XP
 C = Vault XP percentage of total XP
 D = Non-vault monster count
 E = Vault monster count
 F = Vault count percentage of total count
                 A         B        C        D         E       F
            +---------+---------+-------+---------+---------+-------
      Total |     808 |     493 |  37.9 |      78 |      45 |  36.6
            +---------+---------+-------+---------+---------+-------
        D:1 |      23 |       0 |   0.0 |      14 |       0 |   0.0
        D:2 |      44 |     281 |  86.5 |      19 |       2 |   9.5
        D:3 |     147 |      36 |  19.7 |      28 |      12 |  30.0
        D:4 |     455 |       0 |   0.0 |      13 |       0 |   0.0
        D:5 |     139 |       0 |   0.0 |       4 |       0 |   0.0
      Sewer |       0 |     176 | 100.0 |       0 |      31 | 100.0
            +---------+---------+-------+---------+---------+-------
